 Dungeon Crawl Stone Soup version 0.29.1-13-g9f3cf754e1 (webtiles) character file.

Game seed: 2253290145400748203

498 DemonSlayer the Digger (level 6, -1/42 HPs)
             Began as a Demonspawn Earth Elementalist on Jan 22, 2023.
             Killed from afar by an orc wizard (8 damage)
             ... with a puff of flame
             ... on level 5 of the Dungeon.
             The game lasted 00:11:08 (5090 turns).

DemonSlayer the Digger (DsEE)                       Turns: 5090, Time: 00:11:09

Health: -1/42      AC:  4    Str: 10    XL:     6   Next: 94%
Magic:  11/12      EV: 12    Int: 16    God:
Gold:   167        SH:  0    Dex: 14    Spells: 3/13 levels left

rFire   . . .      SeeInvis .   e - +3 hand axe (elec)
rCold   . . .      Faith    .   (no shield)
rNeg    . . .      Spirit   .   j - +0 leather armour
rPois   .          Reflect  .   (helmet restricted)
rElec   .          Harm     .   (no cloak)
rCorr   .          Rampage  .   (no gloves)
Will    +....                   h - +0 pair of boots
Stlth   +.........              (no amulet)
HPRegen 0.14/turn               l - ring of willpower
MPRegen 0.13/turn               b - ring of wizardry

@: confused
A: antennae 1, icemail 1, condensation shield
a: no special abilities


You were on level 5 of the Dungeon.
You visited 1 branch of the dungeon, and saw 5 of its levels.

You collected 240 gold pieces.
You spent 73 gold pieces at shops.

Inventory:

Hand Weapons
 e - a +3 hand axe of electrocution (weapon)
Missiles
 q - 6 silver javelins
Armour
 h - a +0 pair of boots (worn)
 j - a +0 leather armour (worn)
Jewellery
 b - a ring of wizardry (right hand)
 l - a ring of willpower (left hand)
Scrolls
 a - a scroll of blinking
 i - 2 scrolls of fear
 k - a scroll of enchant armour
Potions
 d - 2 potions of lignification
 g - 3 potions of curing
 o - 2 potions of resistance {unknown}
 p - 4 potions of might {unknown}
 r - 2 potions of cancellation {unknown}
 t - a potion of attraction {unknown}


   Skills:
 + Level 0.7 Fighting
 + Level 0.4 Short Blades
 + Level 1.0 Axes
 + Level 1.5 Armour
 + Level 2.8 Dodging
 + Level 2.0 Stealth
 + Level 0.3 Shields
 + Level 4.3 Spellcasting
 + Level 0.8 Transmutations
 + Level 4.6 Earth Magic


You had 3 spell levels left.
You knew the following spells:

 Your Spells              Type           Power      Damage    Failure   Level
a - Sandblast             Erth           36%        2d10      1%          1
b - Passwall              Tmut/Erth      10%        N/A       4%          2
c - Stone Arrow           Conj/Erth      20%        3d8       11%         3
d - Petrify               Tmut/Erth      12%        N/A       26%         4

Your spell library contained the following spells:

 Spells                   Type           Power      Damage    Failure   Level
 Foxfire                  Conj/Fire      12%        2x1d4     9%          1
 Static Discharge         Conj/Air       3%         3-4/arc   13%         2
 Conjure Flame            Conj/Fire      3%         6-21      26%         3
 Inner Flame              Hex/Fire       3%         N/A       26%         3
 Dispel Undead            Necr           3%         3d7       61%         4
 Flame Wave               Conj/Fire      3%         2d5       61%         4
 Sticky Flame             Conj/Fire      3%         2d3       61%         4


Dungeon Overview and Level Annotations

Branches:
Dungeon (4/15)
 Temple: D:4-7

Altars:

Shops:
D:1 (   D:2 (   D:4 *


Innate Abilities, Weirdness & Mutations

You have a pair of small antennae on your head.
A meltable icy envelope protects you from harm. (AC +0)
A meltable shield of frost defends you. (SH +0)


Message History

You swap places.
Your butterfly is engulfed in blazing flames.
Your butterfly disappears in a burst of colours!
Your butterfly explodes!
You start resting.
Your butterfly is engulfed in blazing flames.
Your butterfly disappears in a burst of colours!
Your butterfly explodes!
You start resting.
Your butterfly disappears in a burst of colours! x6
Your butterfly is engulfed in blazing flames.
Your butterfly disappears in a burst of colours!
Your butterfly explodes!
You start resting.
Your butterfly disappears in a burst of colours! x2
There is a strange disturbance nearby!
There is a strange disturbance nearby!
There is a strange disturbance nearby!
There is a strange disturbance nearby!
You start resting.
An orc wizard is nearby!
An orc wizard is nearby!
An orc wizard is nearby!
An orc wizard is nearby!
The blast of sand hits the orc wizard!
The orc wizard is severely wounded.
The orc wizard casts a spell at you.
You are confused.
You're too confused to cast spells.
You're too confused to cast spells.
You're too confused to cast spells.
You're too confused to cast spells.
Unknown command.
You bump into the rock wall.
You are engulfed in blazing flames.
Your icy defenses dissipate!
* * * LOW HITPOINT WARNING * * *
The orc wizard casts a spell at you. The puff of flame hits you!
You die...

******* *,,,,,*
###### *.....#
#....# *.....#
#§☼@.# *.....#
#○..o# *.....#
#§§..#######..b..##*
#..................,
#........{.....b...,
#....$........Y....,
#..................,
#..................,
###################,


You could see an orc wizard.

Vanquished Creatures
  A scorpion (D:3)
  A necrophage (D:4)
  A jelly (D:4)
  A hound (D:5)
  2 orc priests
  An iguana (D:5)
  Terence (D:2)
  An orc wizard (D:3)
  7 adders
  4 gnolls (D:3)
  An ufetubus (D:4)
  A worm (D:2)
  7 orcs
  5 ball pythons
  5 bats
  4 endoplasms
  4 giant cockroaches
  10 goblins
  3 hobgoblins
  2 quokkas (D:3)
  3 frilled lizards
  3 kobolds
  9 rats
77 creatures vanquished.

Vanquished Creatures (others)
  A fungus (D:1)
  14 plants (D:3)
15 creatures vanquished.

Grand Total: 92 creatures vanquished

Notes
Turn   | Place    | Note
-------+----------+-------------------------------------------
     0 | D:1      | DemonSlayer the Demonspawn Earth Elementalist began the
                  | quest for the Orb.
     0 | D:1      | Reached XP level 1. HP: 13/13 MP: 3/3
   129 | D:1      | Found a faded altar of an unknown god.
   285 | D:1      | Gained mutation: A meltable shield of frost defends you.
                  | (SH +0) [demonic ancestry]
   285 | D:1      | Reached XP level 2. HP: 12/19 MP: 0/5
   288 | D:1      | Learned a level 2 spell: Passwall
   796 | D:1      | Found Utoghuu's Antique Weapon Shoppe.
  1517 | D:2      | Found Emiots's Antique Weapon Boutique.
  1656 | D:2      | Reached XP level 3. HP: 21/24 MP: 1/6
  1899 | D:2      | Noticed Terence
  1974 | D:2      | Killed Terence
  2270 | D:2      | Gained mutation: A meltable icy envelope protects you from
                  | harm. (AC +0) [demonic ancestry]
  2270 | D:2      | Reached XP level 4. HP: 30/30 MP: 5/8
  2493 | D:2      | Learned a level 3 spell: Stone Arrow
  2640 | D:4      | Noticed a necrophage
  2662 | D:4      | Killed a necrophage
  2663 | D:4      | Gained mutation: You have a pair of small antennae on your
                  | head. [demonic ancestry]
  2663 | D:4      | Reached XP level 5. HP: 36/36 MP: 0/9
  2789 | D:3      | Reached skill level 1 in Armour
  3353 | D:3      | Reached XP level 6. HP: 42/42 MP: 8/11
  3914 | D:3      | Learned a level 4 spell: Petrify
  4467 | D:4      | Found Xapairue's Assorted Antiques.
  4477 | D:4      | Bought a metallic orange potion for 18 gold pieces
  4477 | D:4      | Bought a metallic orange potion for 18 gold pieces
  4477 | D:4      | Bought 2 metallic orange potions for 37 gold pieces
  4804 | D:4      | You fall into a shaft and drop 1 floor!
  4804 | D:5      | Entered Level 5 of the Dungeon
  5045 | D:5      | Noticed an ice beast
  5057 | D:5      | Reached skill level 1 in Axes
  5090 | D:5      | Killed from afar by an orc wizard

Illustrated notes

Levels and vault maps discovered:
D:1:      amcnicky_arrival_flooded_fountain, layout_basic, serial_shops,
          nicolae_shop_behind_doors, shapermc_ecumenical_altar_acropolis
D:2:      layout_loops_corners, serial_shops, shop_fountains, uniq_terence
D:3:      layout_loops_ring, nicolae_grassy_gnolls
D:4:      layout_cave_pods, serial_shops, nicolae_shop_statue_plus, st_stairs_12
D:5:      layout_gridville

Skill      XL: |  1  2  3  4  5  6 |
---------------+-------------------+-----
Dodging        | 2 |  2.8
Earth Magic    | 3 4 |  4.6
Spellcasting   | 3 4 |  4.3
Armour         | 1 |  1.5
Stealth        | 2 |  2.0
Axes           | 1 |  1.0
Fighting       | |  0.7
Short Blades   | |  0.4
Shields        | |  0.3
Transmutations | |  0.8

Action                   |  1- 3 |  4- 6 || total
-------------------------+-------+-------++-------
Melee: Unarmed           |     2 |       ||     2
       Dagger            |    65 |     2 ||    67
       Hand axe          |       |    12 ||    12
 Cast: Sandblast         |    51 |    75 ||   126
  Use: Potion            |     3 |     1 ||     4
       Scroll            |       |    13 ||    13
 Stab: Sleeping          |       |     1 ||     1
Armor: Robe              |     7 |       ||     7
       Leather armour    |    12 |    39 ||    51
       Skin              |    36 |       ||    36
Dodge: Dodged            |    49 |    65 ||   114
Block: Other             |    14 |    16 ||    30
